 Dungeon Crawl Stone Soup version 0.31-a0-819-gf6de2f5ab6 (webtiles) character file.

Game seed: 16487675067181281294

82 qw the Shooter (level 4, -2/28 HPs)
             Began as a Gargoyle Hunter on Sept 23, 2023.
             Slain by Sigmund
             ... wielding a +0 scythe
              (3 damage)
             ... on level 2 of the Dungeon.
             The game lasted 00:00:32 (1303 turns).

qw the Shooter (Gargoyle Hunter)                    Turns: 1303, Time: 00:00:32

Health: -2/28      AC:  8    Str: 14    XL:     4   Next: 43%
Magic:  4/4        EV: 10    Int: 10    God:
Gold:   41         SH:  0    Dex: 15    Spells: 3/3 levels left

rFire   . . .        Y - +0 shortbow
rCold   . . .        (shield currently unavailable)
rNeg    + . .        g - +0 ring mail
rPois   inf          (no helmet)
rElec   +            (no cloak)
rCorr   .            (no gloves)
SInv    .            (no boots)
Will    .....        (no amulet) Stlth
                     (no ring)
HPRegen 0.24/turn    (no ring)
MPRegen 0.09/turn

%: no passive effects
@: confused
A: sickness immunity, AC +3, negative energy resistance 1, electricity
resistance, torment resistance 1, petrification resistance
a: no special abilities


You were on level 2 of the Dungeon.
You visited 1 branch of the dungeon, and saw 2 of its levels.

You collected 41 gold pieces.


Innate Abilities, Weirdness & Mutations

You are immune to sickness and miasma.
Your stone body is resilient. (AC +3)
You are immune to poison.
You resist negative energy. (rN+)
You are resistant to electric shocks. (rElec)
You are resistant to unholy torment.
You are immune to petrification.


   Skills:
 - Level 3.1 Fighting
 + Level 5.2 Ranged Weapons
 - Level 1.0 Armour
 - Level 1.5 Dodging
 - Level 1.1 Stealth


You had 3 spell levels left.
You didn't know any spells.
Your spell library was empty.

Inventory:

Hand Weapons
 Y - a +0 shortbow (weapon)
Armour
 g - a +0 ring mail (worn)
Scrolls
 a - a scroll of torment {unknown}
Potions
 b - a potion of attraction {unknown}
 d - 2 potions of heal wounds {unknown}
 f - a potion of cancellation {unknown}
 i - a potion of curing {unknown}

Dungeon Overview and Level Annotations

Branches:
Dungeon (2/15)

Altars:

Annotations:
D:2 Sigmund


Message History

Enter note: You shoot an arrow.
You shoot an arrow.
You hear some strange, mumbled words.
You are confused.
You shoot an arrow. You shoot an arrow. Something hits you but does no damage.
You shoot an arrow. Something hits you.
You shoot an arrow.
You feel less confused.
You hear some strange, mumbled words.
Something tries to affect you, but you resist.
You shoot an arrow. Something hits you.
You shoot an arrow. Something hits you.
You shoot an arrow. Something hits you but does no damage.
You shoot an arrow. You shoot an arrow. Something hits you.
You shoot an arrow. Something hits you.
You shoot an arrow.
You hear some strange, mumbled words.
You are confused.
You shoot an arrow. Something hits you but does no damage.
You shoot an arrow. Something hits you.
You shoot an arrow.
You hear some strange, mumbled words.
You are more confused.
You shoot an arrow. Something hits you!
You shoot an arrow. Something hits you.
You die...

#........... ###
#.%......... ..#
#........... #.#
#........... ######.###
#...<....... #........#
#..[........
#........###...........
#...{....#.............
#@# #...........## #.#
#...........'.
#.###...........##
####......########.#.
#....####.# #.#.
#.##.####.# #.#.
#.##......# #.#.
#.######### #.#. #.#
#...


There were no monsters in sight!

Vanquished Creatures
  4 adders (D:2)
  A gnoll (D:1)
  2 worms (D:2)
  2 endoplasms (D:1)
  4 goblins
  4 hobgoblins
  4 quokkas
  2 ball pythons (D:1)
  3 bats
  2 frilled lizards (D:1)
  2 kobolds (D:1)
  5 rats
35 creatures vanquished.

Notes
Turn   | Place    | Note
-------+----------+-------------------------------------------
     0 | D:1      | qw the Gargoyle Hunter began the quest for the Orb.
     0 | D:1      | Reached XP level 1. HP: 12/12 MP: 1/1
     0 | D:1      | 0 ||| qw: Version: 0.3-a-83-gcd0e7d8
     0 | D:1      | 0 ||| qw: Game counter: 1709
     0 | D:1      | 0 ||| qw: Melee chars always use a shield: true
     0 | D:1      | 0 ||| qw: God list: Okawaru
     0 | D:1      | 0 ||| qw: Allow faded altars: false
     0 | D:1      | 0 ||| qw: Do Orc after clearing Dungeon:15 true
     0 | D:1      | 0 ||| qw: Do second Lair branch before Depths: true
     0 | D:1      | 0 ||| qw: Lair rune preference: random
     0 | D:1      | 0 ||| qw: Goals: Normal
     0 | D:1      | 0 ||| PLANNING D:1-11
   113 | D:1      | Reached XP level 2. HP: 17/17 MP: 2/2
   385 | D:1      | Reached XP level 3. HP: 21/21 MP: 3/3
   582 | D:1      | Reached skill level 5 in Ranged Weapons
   778 | D:1      | 778 ||| UPGRADING to +0 ring mail.
   788 | D:1      | 788 ||| DROPPING +0 leather armour.
   789 | D:1      | 789 ||| READING scroll labelled BEUTES ESETT.
   790 | D:1      | 790 ||| READING scroll labelled CAODGH DEMAKO.
   791 | D:1      | 791 ||| READING scroll labelled BIRANA EWKIO.
   792 | D:1      | 792 ||| DROPPING scroll of butterflies.
   844 | D:2      | Reached skill level 1 in Armour
  1070 | D:2      | Reached skill level 3 in Fighting
  1070 | D:2      | Reached XP level 4. HP: 28/28 MP: 4/4
  1285 | D:2      | Noticed Sigmund
  1302 | D:2      | HP: 1/28 [something (9)]
  1303 | D:2      | Slain by Sigmund

Levels and vault maps discovered:
D:1:      kilobyte_arrival_exit_the_forest, layout_rooms,
          minmay_misc_feat_hallway
D:2:      layout_basic, uniq_sigmund

Skill      XL: |  1  2  3 |
---------------+----------+-----
Ranged Weapons | 5 |  5.2
Armour         | 1 |  1.0
Fighting       | 3 |  3.1
Dodging        | |  1.5
Stealth        | |  1.1

Action                     |  1- 3 |  4- 6 || total
---------------------------+-------+-------++-------
   Fire: Shortbow          |   108 |    52 ||   160
    Use: Scroll            |     3 |       ||     3
 Armour: Leather armour    |    19 |       ||    19
         Ring mail         |    11 |    28 ||    39
  Dodge: Dodged            |    39 |    15 ||    54

Table legend:
 A = Non-vault XP
 B = Vault XP
 C = Vault XP percentage of total XP
 D = Non-vault monster count
 E = Vault monster count
 F = Vault count percentage of total count
                 A         B        C        D         E       F
            +---------+---------+-------+---------+---------+-------
      Total |     118 |       0 |   0.0 |      35 |       0 |   0.0
            +---------+---------+-------+---------+---------+-------
        D:1 |      40 |       0 |   0.0 |      20 |       0 |   0.0
        D:2 |      78 |       0 |   0.0 |      15 |       0 |   0.0
            +---------+---------+-------+---------+---------+-------
